 Dungeon Crawl Stone Soup version 0.22-a0-414-gacd343e (webtiles) character file.

266 Gildeon the Chopper (level 6, -2/51 HPs)
             Began as a Minotaur Fighter on May 10, 2018.
             Was an Initiate of Nemelex Xobeh.
             Slain by an ice devil (23 damage)
             ... summoned by the player character
             ... on level 4 of the Dungeon on May 13, 2018.
             The game lasted 00:10:21 (2270 turns).

Gildeon the Chopper (Minotaur Fighter)              Turns: 2270, Time: 00:10:21

Health: -2/51      AC: 10    Str: 23    XL:     6   Next: 0%
Magic:  5/5        EV:  5    Int:  6    God:    Nemelex Xobeh [......]
Gold:   107        SH:  9    Dex: 10    Spells: 1/5 levels left

rFire    . . .     SeeInvis .   a - +0 war axe
rCold    . . .     Gourm    .   c - +0 shield
rNeg     + . .     Faith    .   j - +0 chain mail
rPois    .         Spirit   .   b - +1 hat
rElec    .         Reflect  .   (no cloak)
rCorr    .         Harm     .   (no gloves)
MR       .....                  (no boots)
Stlth    ..........             (no amulet)
HPRegen  0.17/turn              h - ring of positive energy
MPRegen  0.09/turn              q - +2 ring of strength

@: no status effects
A: retaliatory headbutt, horns 2
a: Renounce Religion


You were on level 4 of the Dungeon.
You worshipped Nemelex Xobeh.
Nemelex Xobeh was noncommittal.
You were hungry.

You visited 1 branch of the dungeon, and saw 4 of its levels.

You collected 107 gold pieces.

Inventory:

Hand Weapons
 a - a +0 war axe (weapon)
Missiles
 e - 77 stones (quivered)
 n - 28 arrows
Armour
 b - a +1 hat (worn)
 c - a +0 shield (worn)
 j - a +0 chain mail (worn)
Jewellery
 h - a ring of positive energy (left hand)
 q - a +2 ring of strength (right hand)
Scrolls
 s - a scroll of blinking {unknown}
Potions
 d - a potion of might
 i - a potion of heal wounds
 k - 3 potions of brilliance {unknown}
 l - a potion of curing {unknown}
 m - a potion of mutation {unknown}
 o - a potion of agility {unknown}
Miscellaneous
 p - a plain deck of summoning {drawn: 5}
 r - a plain deck of destruction
Comestibles
 f - 8 rations
 g - 6 chunks of flesh


   Skills:
 - Level 3.6 Fighting
 + Level 7.6 Axes
 - Level 3.6 Armour
 - Level 3.6 Shields


You had one spell level left.
You knew the following spells:

 Your Spells              Type           Power        Failure   Level  Hunger
a - Confusing Touch       Hex            #.....       100%        1    ##.....
b - Apportation           Tloc           #.....       100%        1    ##.....
c - Animate Skeleton      Necr           N/A          100%        1    ##.....
d - Summon Small Mammal   Summ           #...         100%        1    ##.....

Your spell library contained the following spells:

 Spells                   Type           Power        Failure   Level  Hunger


Dungeon Overview and Level Annotations

Branches:
Dungeon (4/15)             Temple (0/1) D:4

Altars:
Nemelex Xobeh
Ru


Innate Abilities, Weirdness & Mutations

You reflexively headbutt those who attack you in melee.
You have a pair of horns on your head.


Message History

You feel clever.
You hit the plant but do no damage. You hit the plant.
You closely miss the ice devil. You hit the plant. x3
You block the ice devil's attack.
Your shield and chain mail prevent you from hitting the ice devil.
The ice devil is almost dead.
You hit the plant but do no damage. x2; You hit the plant.
You slash the plant! You hit the plant but do no damage.
The ice devil hits you but does no damage.
You completely miss the ice devil.
The ice devil is almost dead.
You hit the plant. x2; You slash the plant!
You hit the plant but do no damage. x2
You block the ice devil's attack.
Unknown command.
You closely miss the ice devil.
The ice devil is almost dead.
You hit the plant but do no damage. x5; The ice devil hits you!
The ice devil freezes you!!
You die...
Your body disappears without a glow.

...... .#. .....###..
#.P..P.P..####
#..PPPP.#.....# ..
##.PP..P.#...#.#...
##..P.>PPP#...#.#....
...PPP.P.P...........
#(..PP@P............
##.P.PP4.......#...
.......#............
.....###.......##
..... #.####..#####
.... #.# #<.......#
... #.# #...####.#
... #.# #....# #.#
#......


You could see an ice devil.

Vanquished Creatures
  An ogre (D:2)
  An oklob sapling (D:4)
  An orc wizard (D:3)
  2 adders (D:3)
  An ooze (D:2)
  2 worms (D:2)
  2 dart slugs (D:1)
  A leopard gecko (D:1)
  3 bats
  2 bat zombies (D:2)
  6 giant cockroaches
  7 hobgoblins
  5 jackals
  8 kobolds
  2 quokkas
  A ball python (D:3)
  4 frilled lizards
  A giant cockroach zombie (D:2)
  6 goblins
  A jackal zombie (D:2)
  A quokka skeleton (D:2)
  7 rats
  A plant (D:4)
66 creatures vanquished.

Vanquished Creatures (collateral kills)
  2 adders (D:3)
  5 orcs (D:3)
  2 giant cockroaches (D:3)
  2 jackals (D:3)
  2 ball pythons (D:3)
  A frilled lizard (D:3)
  3 rats (D:3)
17 creatures vanquished.

Grand Total: 83 creatures vanquished

Notes
Turn   | Place    | Note
-------+----------+-------------------------------------------
     0 | D:1      | Gildeon the Minotaur Fighter began the quest for the Orb.
     0 | D:1      | Reached XP level 1. HP: 19/19 MP: 0/0
   191 | D:1      | Reached skill level 3 in Axes
   236 | D:1      | Reached XP level 2. HP: 26/26 MP: 1/1
   304 | D:1      | Upgraded the game from 0.22-a0-409-gb855193 to 0.22-a0-414-gacd343e
   714 | D:1      | Reached skill level 4 in Axes
   888 | D:1      | Reached XP level 3. HP: 31/31 MP: 2/2
  1137 | D:2      | Noticed an ogre
  1141 | D:2      | Killed an ogre
  1141 | D:2      | Reached skill level 6 in Axes
  1141 | D:2      | Reached XP level 4. HP: 25/39 MP: 3/3
  1304 | D:2      | Found a sacrificial altar of Ru.
  1388 | D:2      | Reached XP level 5. HP: 40/45 MP: 4/4
  1688 | D:2      | Found a sparkling altar of Nemelex Xobeh.
  1696 | D:2      | Became a worshipper of Nemelex Xobeh the Trickster
  1834 | D:3      | Received a gift from Nemelex Xobeh
  1963 | D:3      | Learned a level 1 spell: Confusing Touch
  1965 | D:3      | Learned a level 1 spell: Apportation
  1967 | D:3      | Learned a level 1 spell: Animate Skeleton
  1969 | D:3      | Learned a level 1 spell: Summon Small Mammal
  2003 | D:3      | Reached skill level 7 in Axes
  2243 | D:4      | Found a staircase to the Ecumenical Temple.
  2243 | D:4      | Received a gift from Nemelex Xobeh
  2260 | D:4      | Noticed an ice devil
  2267 | D:4      | Reached XP level 6. HP: 31/51 MP: 5/5
  2270 | D:4      | Slain by an ice devil

Vault maps used:
D:1:      lemuel_arrival_cross, serial_co_window_serial,
          co_window_of_opportunity_a, co_window_of_opportunity_a,
          co_window_paths_a, co_window_corner_a, co_window_paths_a,
          co_window_broadway_a, co_window_2corner, co_window_corner_b,
          co_window_paths_d, glass_columns_a, glass_columns_a,
          hangedman_glass_teeth
D:2:      nemelex_xobeh_ov_fountains_minmay, nicolae_ru_awakened_eye,
          serial_undead, serial_undead_d, serial_undead_e, serial_undead_f,
          serial_undead_a
D:3:      first_ration
D:4:      minmay_overflow_temple_star_quad, lemuel_round_altar,
          minmay_temple_entry_oklob, serial_shops, shop, grunt_ministairs_9,
          serial_bayou_pond_a, uniq_natasha, uniq_grinder

Skill      XL: |  1  2  3  4  5 |
---------------+----------------+-----
Axes           | 3 4 6 7 |  7.6
Fighting       | |  3.6
Armour         | |  3.6
Shields        | |  3.6

Action                   |  1- 3 |  4- 6 || total
-------------------------+-------+-------++-------
Melee: War axe           |    48 |   116 ||   164
       Headbutt          |    10 |    17 ||    27
Evoke: Deck              |       |     5 ||     5
  Use: Scroll            |     1 |     2 ||     3
       Potion            |     1 |       ||     1
 Stab: Distracted        |       |     1 ||     1
  Eat: Chunk             |     1 |     3 ||     4
Armor: Scale mail        |     4 |       ||     4
       Chain mail        |    17 |    58 ||    75
Dodge: Dodged            |    12 |    24 ||    36
Block: Shield            |    33 |    67 ||   100

Table legend:
 A = Spawn XP
 B = Non-spawn XP
 C = Spawn XP percentage of total XP
 D = Spawn monster count
 E = Non-spawn monster count
 F = Spawn count percentage of total count
 G = Total turns spent on level
                    A         B        C        D         E        F      G
               +---------+---------+-------+---------+---------+-------+---------
         Total |       0 |     381 |   0.0 |       0 |      82 |   0.0 |  2270
               +---------+---------+-------+---------+---------+-------+---------
           D:1 |       0 |      43 |   0.0 |       0 |      22 |   0.0 |  1137
           D:2 |       0 |     180 |   0.0 |       0 |      29 |   0.0 |   697
           D:3 |       0 |      98 |   0.0 |       0 |      30 |   0.0 |   408
           D:4 |       0 |      60 |   0.0 |       0 |       1 |   0.0 |    28
               +---------+---------+-------+---------+---------+-------+---------
